 Dungeon Crawl Stone Soup version 0.32-a0-909-gc671339a80 (webtiles) character file.

Game seed: 15462276088772049501

145 Daunt the Shooter (level 5, -3/39 HPs)
             Began as a Coglin Hunter on Apr 7, 2024.
             Slain by a scorpion (4 damage)
             ... on level 4 of the Dungeon.
             The game lasted 00:06:17 (2802 turns).

Daunt the Shooter (Coglin Hunter)                   Turns: 2802, Time: 00:06:18

Health: -3/39      AC:  4    Str: 12    XL:     5   Next: 27%
Magic:  5/5        EV: 11    Int:  8    God:
Gold:   181        SH:  0    Dex: 19    Spells: 4/4 levels left

rFire   . . .        a - +2 sling {Hwan}
rCold   . . .        d - +0 sling {Liang}
rNeg    . . .        c - +0 leather armour
rPois   .            (no helmet)
rElec   .            (no cloak)
rCorr   .            e - +0 pair of gloves
SInv    .            (no boots)
Will    .....        (amulet unavailable)
Stlth   ++           (ring unavailable)
HPRegen 0.26/turn    (ring unavailable)
MPRegen 0.09/turn    (no gizmo)

%: no passive effects
@: lethally poisoned (-3 -> -16), revved
A: off-hand wielding, slow wielding, warmup strikes, no jewellery
a: Invent Gizmo


You were on level 4 of the Dungeon.
You visited 1 branch of the dungeon, and saw 4 of its levels.

You collected 181 gold pieces.

Inventory:

Hand Weapons
 a - a +2 sling (weapon) {Hwan}
 d - a +0 sling (offhand) {Liang}
Missiles
 g - 9 poisoned darts
 j - 5 boomerangs
 l - 10 stones
 o - a throwing net
Armour
 c - a +0 leather armour (worn)
 e - a +0 pair of gloves (worn)
Scrolls
 h - 3 scrolls of identify {unknown}
 k - 2 scrolls of enchant armour {unknown}
 n - 2 scrolls of acquirement {unknown}
 p - 2 scrolls of enchant weapon {unknown}
Potions
 b - a potion of heal wounds {unknown}
 f - a potion of resistance


   Skills:
 + Level 2.3 Fighting
 * Level 5.7 Ranged Weapons
 - Level 1.7 Dodging
 - Level 0.7 Stealth


You had 4 spell levels left.
You didn't know any spells.
Your spell library was empty.

Dungeon Overview and Level Annotations

Branches:
Dungeon (4/15)
 Temple: D:4-7

Altars:
Elyvilon
Kikubaaqudgha
Trog
Xom


Innate Abilities, Weirdness & Mutations

You can wield a second weapon in your off-hand.
It takes a long time for you to wield or remove held weapons.
Your first few attacks do less damage.
You cannot equip rings or amulets.


Message History

You are too injured to fight recklessly!
You are too injured to fight recklessly!
You are too injured to fight recklessly!
You are too injured to fight recklessly!
Fire: a) +2 sling {Hwan}
Press: ? - help, Q - select action, (/) - cycle Shift-Dir - straight line, f/p - scorpion
Aim: a scorpion (severely wounded, 64% to hit)
You shoot a sling bullet.
The sling bullet hits the scorpion but does no damage.
The scorpion is severely wounded.
You shoot a sling bullet.
The sling bullet hits the scorpion but does no damage.
The scorpion is severely wounded.
You feel very sick. The scorpion stings you.
You are lethally poisoned!
The scorpion poisons you!
Fire: a) +2 sling {Hwan}
Press: ? - help, Q - select action, (/) - cycle Shift-Dir - straight line, f/p - scorpion
Aim: a scorpion (severely wounded, 64% to hit)
You shoot a sling bullet.
The sling bullet closely misses the scorpion.
You shoot a sling bullet.
The sling bullet barely misses the scorpion.
* * * LOW HITPOINT WARNING * * *
You feel extremely sick. The scorpion stings you.
* * * LOW HITPOINT WARNING * * *
The scorpion barely misses you.
Fire: a) +2 sling {Hwan}
Press: ? - help, Q - select action, (/) - cycle Shift-Dir - straight line, f/p - scorpion
Aim: a scorpion (severely wounded, 64% to hit)
You shoot a sling bullet. The sling bullet hits the scorpion.
The scorpion is severely wounded.
You shoot a sling bullet. The sling bullet hits the scorpion.
The scorpion is almost dead.
* * * LOW HITPOINT WARNING * * *
You feel very sick. The scorpion stings you.
You die...

#..........#
#..........#
#..........#
#..........#
#..........#
##........##
#..........#
#...@......#
#...s...?..#
#....)......#
#..............
#.##..†........
. ...........#
............<
..####.##...#.


You could see a scorpion.

Vanquished Creatures
  2 orc wizards (D:3)
  2 gnolls
  An adder (D:3)
  A dart slug (D:4)
  6 orcs
  5 endoplasms
  3 giant cockroaches
  10 goblins
  3 hobgoblins (D:1)
  4 jackals (D:2)
  3 kobolds
  2 quokkas
  4 ball pythons
  4 bats
  3 frilled lizards
  3 rats
56 creatures vanquished.

Notes
Turn   | Place    | Note
-------+----------+-------------------------------------------
     0 | D:1      | Daunt the Coglin Hunter began the quest for the Orb.
     0 | D:1      | Reached XP level 1. HP: 16/16 MP: 1/1
   292 | D:1      | Reached skill level 4 in Ranged Weapons
   292 | D:1      | Reached XP level 2. HP: 22/22 MP: 2/2
   656 | D:1      | Reached XP level 3. HP: 27/27 MP: 3/3
  1617 | D:2      | Reached skill level 5 in Ranged Weapons
  1617 | D:2      | Reached XP level 4. HP: 11/33 MP: 4/4
  1910 | D:3      | Found an ancient bone altar of Kikubaaqudgha.
  1914 | D:3      | Found a bloodstained altar of Trog.
  1915 | D:3      | Found a shimmering altar of Xom.
  1917 | D:3      | Found a white marble altar of Elyvilon.
  2678 | D:3      | Reached XP level 5. HP: 38/38 MP: 5/5
  2802 | D:4      | HP: 1/39 [poisoned by a scorpion]
  2802 | D:4      | Slain by a scorpion

Illustrated notes

Levels and vault maps discovered:
D:1:      evilmike_arrival_hilbert_curve, layout_loops_corners
D:2:      layout_loops_ring
D:3:      layout_basic, grunt_temple_overflow_open
D:4:      layout_rooms, minmay_temple_entry_wispy

Skill      XL: |  1  2  3 |
---------------+----------+-----
Ranged Weapons | 4 5 |  5.7
Fighting       | |  2.3
Dodging        | |  1.7
Stealth        | |  0.7

Action                     |  1- 3 |  4- 6 || total
---------------------------+-------+-------++-------
  Melee: Sling             |     2 |       ||     2
   Fire: Sling             |   160 |   140 ||   300
    Use: Potion            |       |     3 ||     3
         Scroll            |       |     1 ||     1
 Armour: Leather armour    |    22 |    34 ||    56
  Dodge: Dodged            |    18 |    14 ||    32

Table legend: (Time is in decaauts)
 A = Elapsed time spent in this place.
 B = Non-inter-level travel time spent in this place.
 C = Inter-level travel time spent in this place.
 D = Time resting spent in this place.
 E = Time spent auto-exploring this place.
 F = Levels seen in this place.
 G = Mean time per level.
                   A        B        C        D        E       F      G
               +--------+--------+--------+--------+--------+-----+--------+
         Total |   2836 |   2704 |    132 |    327 |   1936 |   4 |  709.0 |
       Dungeon |   2836 |   2704 |    132 |    327 |   1936 |   4 |  709.0 |
               +--------+--------+--------+--------+--------+-----+--------+

Top non-repeatable levels by time:
     D:2: 1062 daAuts
     D:1: 956 daAuts
     D:3: 798 daAuts
     D:4: 18 daAuts
